 Dungeon Crawl Stone Soup version 0.30.1-4-g462c640d31 (webtiles) character file.

Game seed: 12619064496895786854

4872 Nick1 the Blocker (level 10, -5/77 HPs)
             Began as a Formicid Fighter on Sept 17, 2023.
             Was an Elder of Okawaru.
             Slain by a death yak (6 damage)
             ... on level 9 of the Dungeon.
             The game lasted 00:32:19 (7209 turns).

Nick1 the Blocker (Formicid Fighter)                Turns: 7209, Time: 00:32:20

Health: -5/77      AC: 21    Str: 25    XL:     10   Next: 79%
Magic:  11/12      EV: 14    Int:  8    God:    Okawaru [****..]
Gold:   521        SH:  6    Dex: 13    Spells: 9/9 levels left

rFire   . . .        A - +2 war axe (venom)
rCold   + . .        c - +0 buckler
rNeg    . . .        y - +1 chain mail {rC+}
rPois   .            (helmet unavailable)
rElec   .            N - +2 cloak
rCorr   .            J - +0 pair of gloves
SInv    +            Q - +0 pair of boots
Will    +....        (no amulet) Stlth
                     e - +4 ring of protection
HPRegen 0.32/turn    K - +5 ring of evasion
MPRegen 0.13/turn

%: no passive effects
@: mighty
A: permanent stasis, dig shafts and tunnels, antennae 3, four strong arms, low
MP 1
a: Dig, Shaft Self, Renounce Religion, Heroism, Finesse


You were on level 9 of the Dungeon.
You worshipped Okawaru.
Okawaru was greatly pleased with you.
You visited 2 branches of the dungeon, and saw 10 of its levels.

You collected 521 gold pieces.

Inventory:

Hand Weapons
 k - a +0 morningstar
 r - a +0 scythe of venom
 A - a +2 war axe of venom (weapon)
 E - the +1 short sword of Laceration {flame, rElec rF+ Int+5 Stlth+}
   (You found it on level 4 of the Dungeon)

   Int:       It affects your intelligence (+5).
   rF:        It protects you from fire.
   rElec:     It insulates you from electricity.
   Stlth:     It makes you more stealthy.
 I - a +0 glaive
Missiles
 s - 21 poisoned darts (quivered)
 w - 5 curare-tipped darts
Armour
 b - a +0 scale mail
 c - a +0 buckler (worn)
 g - the +1 scale mail of Lethargy {rF+ Stlth+}
   (You found it on level 2 of the Dungeon)

   rF:        It protects you from fire.
   Stlth:     It makes you more stealthy.
 x - a +0 chain mail
 y - a +1 chain mail of cold resistance (worn)
 J - a +0 pair of gloves (worn)
 N - a +2 cloak (worn)
 Q - a +0 pair of boots (worn)
Jewellery
 e - a +4 ring of protection (left hand)
 n - an amulet of faith
 q - a +4 ring of protection
 K - a +5 ring of evasion (right hand)
 L - an amulet of magic regeneration
 P - a ring of willpower
Wands
 B - a wand of quicksilver (23)
 M - a wand of flame (21)
Scrolls
 a - a scroll of torment {unknown}
 i - 2 scrolls of butterflies
 m - a scroll of enchant weapon {unknown}
 p - 3 scrolls of poison {unknown}
 u - 3 scrolls of fear {unknown}
 z - a scroll of vulnerability {unknown}
 C - a scroll of magic mapping {unknown}
 D - 3 scrolls of fog
 G - a scroll of silence {unknown}
 H - a scroll of noise {unknown}
 O - a scroll of amnesia {unknown}
Potions
 h - 2 potions of magic
 j - 4 potions of attraction
 l - 2 potions of brilliance
 o - 5 potions of curing
 v - 2 potions of flight
 F - a potion of berserk rage {unknown}


   Skills:
 * Level 6.9 Fighting
 + Level 0.7 Short Blades
 * Level 8.2(9.0) Axes
 + Level 5.4(7.6) Polearms
 + Level 3.0 Throwing
 * Level 6.6 Armour
 + Level 2.1 Dodging
 + Level 2.5 Stealth
 * Level 8.7 Shields
 * Level 4.8 Invocations


You had 9 spell levels left.
You didn't know any spells.
Your spell library contained the following spells:

 Spells                   Type           Power      Damage    Failure   Level
 Apportation              Tloc           0%         N/A       93%         1
 Necrotise                Necr           0%         1d4       93%         1
 Vampiric Draining        Necr           0%         2d6       100%        3
 Agony                    Necr           0%         N/A       100%        5
 Alistair's Intoxication  Tmut/Pois      0%         N/A       100%        5


Dungeon Overview and Level Annotations

Branches:
Dungeon (9/15)             Temple (1/1) D:4
   Lair: D:8-11         Orc: D:9-12

Altars:
Ashenzari
Cheibriados
Dithmenos
Elyvilon
Fedhas
Gozag
Hepliaklqana
Kikubaaqudgha
Makhleb
Nemelex Xobeh
Okawaru
Ru
Sif Muna
Trog
Uskayaw
Vehumet
Wu Jian
Xom
Zin
The Shining One

Shops:
D:1 ?   D:8 [

Annotations:
D:3 2 runed translucent doors


Innate Abilities, Weirdness & Mutations

You cannot be hasted, slowed, berserked, paralysed or teleported.
You can dig through walls and to a lower floor.
You have a pair of large antennae on your head. (SInv)
Your four strong arms can wield two-handed weapons with a shield.
Your magical capacity is low. (-10% MP)


Message History

Throw: 21 darts (poison)
Press: ? - help, Q - select action, (/) - cycle Shift-Dir - straight line, f - death yak
Aim: a death yak (heavily wounded, extremely poisoned, 79% to hit)
Okay, then.
Cleave: A) +2 war axe (venom)
Press: ? - help, Dir - move target, f - death yak
Aim: a death yak (heavily wounded, extremely poisoned, about 19% to evade your +2 war axe of venom)
You completely miss the death yak.
The death yak is heavily wounded.
You hit the death yak.
The death yak looks as sick as possible!
You slash the death yak!
The death yak looks as sick as possible!
You block the death yak's attack. The death yak gores you!
The death yak gores you.
Cleave: A) +2 war axe (venom)
Press: ? - help, Dir - move target, f/p - death yak
Aim: a death yak (heavily wounded, extremely poisoned, about 19% to evade your +2 war axe of venom)
You barely miss the death yak.
The death yak is heavily wounded.
You slash the death yak!
The death yak looks as sick as possible!
You slash the death yak!
You kill the death yak!
Okawaru is honoured by your kill.
You can now speed up your combat.
The death yak gores you!
* * * LOW HITPOINT WARNING * * *
The death yak misses you.
Your base Axes skill increases to level 8!
Your Throwing skill increases to level 3!
Cleave: A) +2 war axe (venom)
Press: ? - help, Dir - move target, f/p - death yak
Aim: a death yak (severely wounded, extremely poisoned, about 19% to evade your +2 war axe of venom)
You hit the death yak.
The death yak is severely wounded.
You completely miss the wyvern. You hit the death yak.
The wyvern barely misses you. The death yak gores you!
* * * LOW HITPOINT WARNING * * *
The death yak gores you.
You die...

.. .. ### ##
... #. .)# ...
..(.#.##...#...
...(#..........
.........#.....
.............
......l†..#
#.Y@..# ##Y†..#
...#..... .....
#.#.#.# #.....
.# .. #..... .#
.# #..... . .
##.... .


You could see 2 death yaks and a wyvern.

Vanquished Creatures
  3 death yaks (D:9)
  Sigmund (D:3)
  A wyvern (D:8)
  3 yaks (D:5)
  A steam dragon (D:6)
  Menkaure (D:5)
  2 water moccasins (D:7)
  2 black bears
  An ogre (D:4)
  3 centaurs
  A phantom (D:6)
  A kobold brigand (D:7)
  3 bullfrogs (D:7)
  A gnoll sergeant (D:7)
  A scorpion (D:7)
  4 killer bees (D:9)
  Crazy Yiuf (D:7)
  2 gnoll boudas (D:7)
  An iron imp (D:4)
  5 orc priests
  Jessica (D:3)
  Terence (D:3)
  4 iguanas
  3 orc wizards (D:8)
  13 gnolls
  8 adders
  A white imp (D:6)
  An ufetubus (D:7)
  A dart slug (D:3)
  29 orcs
  3 endoplasms
  2 giant cockroaches
  9 goblins
  8 hobgoblins
  4 jackals (D:2)
  9 kobolds
  3 quokkas
  8 ball pythons
  7 bats
  A frilled lizard (D:1)
  4 rats
158 creatures vanquished.

Notes
Turn   | Place    | Note
-------+----------+-------------------------------------------
     0 | D:1      | Nick1 the Formicid Fighter began the quest for the Orb.
     0 | D:1      | Reached XP level 1. HP: 18/18 MP: 1/1
   117 | D:1      | Found Gitumiem's Magic Scroll Boutique.
   189 | D:1      | Reached XP level 2. HP: 24/24 MP: 2/2
   712 | D:1      | Reached XP level 3. HP: 29/29 MP: 3/3
   789 | D:2      | Found a faded altar of an unknown god.
   794 | D:2      | Identified the +1 scale mail of Lethargy {rF+ Stlth+}
  1381 | D:2      | Gained mutation: You are resistant to electric shocks.
                  | (rElec) [potion of mutation]
  1381 | D:2      | Gained mutation: You are weak. (Str -2) [potion of
                  | mutation]
  1382 | D:2      | Lost mutation: You are weak. (Str -2) [potion of mutation]
  1382 | D:2      | Lost mutation: You are resistant to electric shocks.
                  | (rElec) [potion of mutation]
  1382 | D:2      | Gained mutation: Your magical capacity is low. (-10% MP)
                  | [potion of mutation]
  1407 | D:3      | Reached XP level 4. HP: 35/35 MP: 3/3
  1437 | D:3      | Noticed Jessica
  1442 | D:3      | Noticed a black bear
  1443 | D:3      | Killed Jessica
  1444 | D:3      | Reached XP level 5. HP: 42/42 MP: 4/4
  1451 | D:3      | Killed a black bear
  1452 | D:3      | Reached skill level 1 in Stealth
  1452 | D:3      | Reached XP level 6. HP: 45/48 MP: 5/5
  1503 | D:3      | Found a large runed translucent door.
  1504 | D:3      | Found a large runed translucent door.
  1512 | D:3      | Noticed Sigmund
  1518 | D:3      | Killed Sigmund
  1519 | D:3      | Reached skill level 5 in Axes
  1519 | D:3      | Reached skill level 5 in Shields
  1603 | D:3      | Noticed Terence
  1613 | D:3      | Killed Terence
  1614 | D:3      | Reached XP level 7. HP: 50/54 MP: 6/6
  2220 | D:4      | You fall into a shaft and drop 2 floors!
  2278 | D:5      | Entered Level 5 of the Dungeon
  2293 | D:5      | Reached skill level 1 in Throwing
  2506 | D:4      | Identified the +1 short sword of Laceration {flame, rElec
                  | rF+ Int+5 Stlth+}
  2512 | D:4      | Found a staircase to the Ecumenical Temple.
  2518 | Temple   | Entered the Ecumenical Temple
  2727 | Temple   | Became a worshipper of Warmaster Okawaru
  2887 | D:4      | Found a snail-covered altar of Cheibriados.
  3035 | D:4      | Reached skill level 1 in Polearms
  3063 | D:4      | Reached skill level 1 in Dodging
  3063 | D:4      | Reached XP level 8. HP: 45/61 MP: 7/7
  3185 | D:5      | Noticed Menkaure
  3189 | D:5      | Noticed a yak
  3192 | D:5      | Noticed a yak
  3543 | D:5      | Noticed a yak
  3622 | D:5      | Killed a yak
  3623 | D:5      | Reached skill level 1 in Invocations
  3627 | D:5      | Killed a yak
  3627 | D:5      | Reached * piety under Okawaru
  3628 | D:5      | Reached skill level 5 in Fighting
  3632 | D:5      | Killed a yak
  3789 | D:5      | Killed Menkaure
  4715 | D:6      | Reached skill level 5 in Armour
  4715 | D:6      | Reached XP level 9. HP: 66/68 MP: 9/9
  4933 | D:6      | Found an ancient bone altar of Kikubaaqudgha.
  5212 | D:7      | Identified the +1 leather armour of Kymux {Harm Int+3
                  | Dex+2}
  5418 | D:7      | Reached ** piety under Okawaru
  5434 | D:7      | Found a runed translucent door.
  5435 | D:7      | Noticed Crazy Yiuf
  5555 | D:7      | Found a sparkling altar of Nemelex Xobeh.
  5661 | D:7      | Found a shimmering blue altar of Sif Muna.
  5789 | D:7      | Found a hide-covered altar of Uskayaw.
  6313 | D:7      | Killed Crazy Yiuf
  6511 | D:8      | Reached XP level 10. HP: 66/76 MP: 11/11
  7095 | D:8      | Found Argus's Dragon-Slaying Spoils.
  7185 | D:9      | Noticed a death yak
  7185 | D:9      | Noticed a death yak
  7187 | D:9      | Noticed a death yak
  7190 | D:9      | Noticed a death yak
  7193 | D:9      | Noticed a death yak
  7194 | D:9      | Reached skill level 5 in Polearms
  7203 | D:9      | Killed a death yak
  7203 | D:9      | Reached *** piety under Okawaru
  7205 | D:9      | Killed a death yak
  7208 | D:9      | Killed a death yak
  7208 | D:9      | Reached **** piety under Okawaru
  7209 | D:9      | HP: 1/77 [death yak (17)]
  7209 | D:9      | Slain by a death yak

Illustrated notes

Levels and vault maps discovered:
D:1:      nzn_arrival_crosshair, layout_basic, serial_shops,
          nicolae_diamond_shop
D:2:      layout_basic, hellmonk_ecumenical_altar_arch_garden,
          serial_bayou_lagoon_b
D:3:      layout_rooms, jmf_multi_god_temple2, uniq_terence, uniq_jessica,
          uniq_sigmund
D:4:      layout_basic, slow_altar_2, minmay_temple_entry_hall,
          grunt_ministairs_11
D:5:      layout_layer_cave, kb_lookout_dungeons_type,
          dreamdust_mushroom_princess, minivault_11, uniq_menkaure
D:6:      layout_gridville, mainiacjoe_overflow_catwalk
D:7:      layout_loops_ring, jmf_multi_god_temple,
          mainiacjoe_overflow_six_doors_small, kennysheep_potato,
          uniq_crazy_yiuf_cottage
D:8:      layout_basic, nicolae_shop_dragon_depot
D:9:      layout_rooms, dpeg_lair_monsters, serial_curves, eino_curves_03,
          eino_curves_02
Temple:   regret_index_temple_generic_petals

Skill      XL: |  1  2  3  4  5  6  7  8  9 10 |
---------------+-------------------------------+-----
Axes           | 3 4 5 6 8 |  8.2
Fighting       | 4 5 6 |  6.9
Stealth        | 1 2 |  2.5
Armour         | 4 5 6 |  6.6
Shields        | 5 6 8 |  8.7
Throwing       | 1 2 3 |  3.0
Polearms       | 1 3 4 5 |  5.4
Dodging        | 1 2 |  2.1
Invocations    | 2 3 4 |  4.8
Short Blades   | |  0.7

Action                     |  1- 3 |  4- 6 |  7- 9 | 10-12 || total
---------------------------+-------+-------+-------+-------++-------
  Melee: War axe           |   110 |    24 |    55 |    16 ||   205
         Halberd           |       |     8 |   101 |       ||   109
         Glaive            |       |       |   164 |    26 ||   190
         Short sword       |       |       |    19 |       ||    19
  Throw: Dart              |       |    10 |    60 |     7 ||    77
 Invoke: Heroism           |       |       |       |     1 ||     1
Ability: Dig               |       |       |     1 |       ||     1
    Use: Scroll            |     2 |       |     9 |     1 ||    12
         Potion            |     2 |       |       |     5 ||     7
 Armour: Scale mail        |    73 |    24 |       |       ||    97
         Chain mail        |       |     1 |   155 |    25 ||   181
  Dodge: Dodged            |    52 |    14 |   178 |    32 ||   276
  Block: Buckler           |    28 |     9 |    87 |    18 ||   142
